 Dungeon Crawl Stone Soup version 0.22.1-1-ga44c0e5 (webtiles) character file.

9040 RoseArtemis the Fighter (level 11, -3/92 HPs)
             Began as a Gnoll Wanderer on Oct 5, 2018.
             Was a Follower of Ashenzari.
             Slain by an ice devil (15 damage)
             ... on level 11 of the Dungeon.
             The game lasted 01:19:24 (16954 turns).

RoseArtemis the Fighter (Gnoll Wanderer)           Turns: 16954, Time: 01:19:25

Health: -3/92      AC: 18    Str: 16    XL:     11   Next: 40%
Magic:  0/20       EV:  8    Int: 15    God:    Ashenzari [*.....]
Gold:   708        SH:  0    Dex: 16    Spells: 20/22 levels left

rFire    + . .     SeeInvis .   D - +3 long sword
rCold    . . .     Gourm    .   (no shield)
rNeg     . . .     Faith    .   O - +0 plate armour
rPois    .         Spirit   +   e - +0 helmet (curse)
rElec    .         Reflect  .   k - scarf {Spirit}
rCorr    +         Harm     .   a - +2 pair of gloves (curse)
MR       .....                  u - +0 pair of boots (curse)
Stlth    ..........             H - amulet of regeneration (curse)
HPRegen  0.65/turn              m - ring of protection from fire
MPRegen  0.17/turn              q - ring of resist corrosion

@: no status effects
A: distributed training, fangs 1, strong nose
a: Curse Item, Scrying, Renounce Religion


You were on level 11 of the Dungeon.
You worshipped Ashenzari.
Ashenzari was aware of your devotion.
You were not hungry.

You visited 2 branches of the dungeon, and saw 12 of its levels.

You collected 708 gold pieces.

Inventory:

Hand Weapons
 j - a +0 hunting sling
 D - a +3 long sword (weapon)
Missiles
 v - 5 javelins (quivered)
Armour
 a - a cursed +2 pair of gloves (worn)
 e - a cursed +0 helmet (worn)
 k - a scarf of spirit shield (worn)
 r - +0 acid dragon scales
 u - a cursed +0 pair of boots (worn)
 N - a cursed +0 leather armour
 O - a +0 plate armour (worn)
Jewellery
 g - an uncursed ring of wizardry
 m - a ring of protection from fire (left hand)
 q - a ring of resist corrosion (right hand)
 H - a cursed amulet of regeneration (around neck)
Wands
 p - a wand of random effects (14)
 x - a wand of iceblast (4)
 E - a wand of digging (24)
 L - a wand of paralysis (11)
 Q - a wand of flame (14)
Scrolls
 f - a scroll of random uselessness {unknown}
 n - 6 scrolls of magic mapping
 y - a scroll of noise {unknown}
 C - 2 scrolls of enchant armour {unknown}
 F - 2 scrolls of blinking {unknown}
 G - a scroll of amnesia {unknown}
 I - a scroll of torment {unknown}
 M - a scroll of enchant weapon
Potions
 c - 2 potions of degeneration {unknown}
 h - 4 potions of flight
 o - 2 potions of brilliance
 s - a potion of invisibility {unknown}
 t - 2 potions of ambrosia
 w - a potion of berserk rage {unknown}
 A - a potion of resistance {unknown}
 B - a potion of lignification {unknown}
 J - 2 potions of mutation {unknown}
 K - a potion of heal wounds {unknown}
Comestibles
 d - 24 rations
 i - 4 chunks of flesh


   Skills:
 + Level 10.4 Fighting
 + Level 6.1 Short Blades
 + Level 6.1 Long Blades
 + Level 6.1 Axes
 + Level 6.1 Maces & Flails
 + Level 6.1 Polearms
 + Level 7.7 Staves
 + Level 6.1 Slings
 + Level 6.1 Bows
 + Level 6.1 Crossbows
 + Level 6.7 Throwing
 + Level 6.1 Armour
 + Level 7.7 Dodging
 + Level 6.6 Stealth
 + Level 6.1 Shields
 + Level 6.1 Unarmed Combat
 + Level 6.1 Spellcasting
 + Level 5.1 Conjurations
 + Level 5.1 Hexes
 + Level 5.1 Charms
 + Level 5.1 Summonings
 + Level 5.1 Necromancy
 + Level 5.1 Translocations
 + Level 5.1 Transmutations
 + Level 5.1 Fire Magic
 + Level 5.1 Ice Magic
 + Level 5.1 Air Magic
 + Level 5.1 Earth Magic
 + Level 5.1 Poison Magic
 + Level 6.7 Invocations
 + Level 6.1 Evocations


You had 20 spell levels left.
You knew the following spells:

 Your Spells              Type           Power        Failure   Level  Hunger
a - Passwall              Tmut/Erth      ###.....     77%         2    #......

Your spell library contained the following spells:

 Spells                   Type           Power        Failure   Level  Hunger
 Flame Tongue             Conj/Fire      ###..        63%         1    None
 Freeze                   Ice            ###.         63%         1    None
 Swiftness                Chrm/Air       ###.....     77%         2    #......
 Throw Flame              Conj/Fire      ###...       77%         2    #......
 Throw Frost              Conj/Ice       ###...       77%         2    #......
 Conjure Flame            Conj/Fire      ###.....     94%         3    ##.....
 Inner Flame              Hex/Fire       ###.....     94%         3    ##.....
 Ozocubu's Armour         Chrm/Ice       ###.....     94%         3    ##.....
 Passage of Golubria      Tloc           N/A          100%        4    ####...
 Sticky Flame             Conj/Fire      ###.....     100%        4    ####...
 Summon Ice Beast         Ice/Summ       ###.....     100%        4    ####...
 Throw Icicle             Conj/Ice       ###.....     100%        4    ####...
 Fireball                 Conj/Fire      ###.......   100%        5    ######.
 Lee's Rapid Deconstruct  Erth           ###.......   100%        5    ######.
 Darkness                 Hex            ###.......   100%        6    #######
 Invisibility             Hex            ###.....     100%        6    #######


Dungeon Overview and Level Annotations

Branches:
Dungeon (11/15)            Temple (1/1) D:7            Lair (0/6) D:9
    Orc (0/2) D:11

Altars:
Ashenzari
Cheibriados
Dithmenos
Elyvilon
Fedhas
Gozag
Hepliaklqana
Kikubaaqudgha
Makhleb
Nemelex Xobeh
Okawaru
Qazlal
Ru
Sif Muna
Trog
Uskayaw
Vehumet
Wu Jian
Xom
Yredelemnul
Zin
The Shining One

Shops:
D:5 (

Annotations:
D:6 2 runed doors


Innate Abilities, Weirdness & Mutations

Your experience applies equally to all skills.
You have very sharp teeth.
Your uncanny sense of smell can sniff out nearby items.


Message History

The ice devil hits you. The ice devil freezes you!
* * * LOW HITPOINT WARNING * * *
Your plate armour prevents you from hitting the ice devil.
You bite the ice devil, but do no damage.
The ice devil is almost dead.
The ice devil barely misses you. The ice devil barely misses you.
You're too confused to move!
You feel less invigorated.
You feel less confused.
The ice devil hits you but does no damage.
Your plate armour prevents you from hitting the ice devil.
The ice devil is almost dead.
The ice devil hits you. The ice devil freezes you!!
* * * LOW HITPOINT WARNING * * *
You hit the ice devil.
The ice devil is almost dead.
The ice devil hits you!
* * * LOW HITPOINT WARNING * * *
The ice devil freezes you!!
You die...

#.# .# #รท# .. #.#
... ######.# ...
#......# ...#
#......#
#......#####
#.....<....#
#.....4@...#
#..........#
+..........#
#..........#
#.....)....#
#######'#####
#.....).#
##(#########
########..........#


You could see an ice devil.

Vanquished Creatures
  A two-headed ogre (D:8)
  Urug (D:11)
  3 trolls
  A hornet (D:10)
  2 polar bears (D:9)
  Prince Ribbit (D:8)
  2 hippogriffs
  2 wyverns
  A hungry ghost (D:10)
  An acid dragon (D:9)
  4 wargs (D:11)
  A water moccasin (D:8)
  2 ice beasts
  An orc warrior (D:8)
  A necrophage (D:7)
  2 sky beasts
  4 black bears
  A phantom (D:9)
  5 ogres
  A wolf (D:9)
  A centaur (D:8)
  4 crocodiles
  Blork the orc (D:6)
  5 bullfrogs
  2 scorpions
  3 killer bees (D:11)
  5 wights
  3 howler monkeys
  2 centaur zombies
  3 crimson imps
  A quasit (D:7)
  2 bullfrog zombies
  2 jellies
  9 orc wizards
  3 bullfrog skeletons
  2 centaur skeletons
  10 hounds
  Jessica (D:3)
  Natasha (thrice) (D:2)
  12 worker ants
  A killer bee zombie (D:8)
  A bullfrog simulacrum (D:10)
  A centaur simulacrum (D:10)
  A hound zombie (D:9)
  Robin (D:2)
  A worker ant zombie (D:5)
  16 adders
  5 shadow imps
  4 ufetubi
  An adder skeleton (D:4)
  3 worms
  3 dart slugs
  5 leopard geckos
  25 orcs
  A ball python (D:2)
  10 bats
  9 giant cockroaches
  13 goblins
  6 hobgoblins
  4 jackals
  3 quokkas
  4 frilled lizards
  2 giant cockroach zombies
  A jackal skeleton (D:7)
  12 kobolds
  A quokka skeleton (D:9)
  3 rats
  A plant (D:2)
249 creatures vanquished.

Notes
Turn   | Place    | Note
-------+----------+-------------------------------------------
     0 | D:1      | RoseArtemis the Gnoll Wanderer began the quest for the Orb.
     0 | D:1      | RoseArtemis set off with: a +2 quarterstaff, 2 scrolls of
                  | teleportation, a +0 robe, a ration
     0 | D:1      | Reached XP level 1. HP: 26/26 MP: 1/1
    92 | D:1      | Reached XP level 2. HP: 33/33 MP: 2/2
   461 | D:1      | Reached XP level 3. HP: 38/38 MP: 3/3
   752 | D:2      | Reached skill level 1 in Invocations
   771 | D:2      | Noticed Natasha
   787 | D:2      | Killed Natasha
   787 | D:2      | Reached skill level 1 in Short Blades
   787 | D:2      | Reached skill level 1 in Long Blades
   787 | D:2      | Reached skill level 1 in Axes
   787 | D:2      | Reached skill level 1 in Maces & Flails
   787 | D:2      | Reached skill level 1 in Polearms
   787 | D:2      | Reached skill level 1 in Slings
   787 | D:2      | Reached skill level 1 in Bows
   787 | D:2      | Reached skill level 1 in Crossbows
   787 | D:2      | Reached skill level 1 in Armour
   787 | D:2      | Reached skill level 1 in Shields
   787 | D:2      | Reached skill level 1 in Unarmed Combat
   787 | D:2      | Reached skill level 1 in Spellcasting
   787 | D:2      | Reached skill level 1 in Evocations
   787 | D:2      | Reached XP level 4. HP: 25/45 MP: 5/5
   876 | D:2      | Noticed Natasha
   926 | D:2      | Killed Natasha
   926 | D:2      | Reached skill level 1 in Conjurations
   926 | D:2      | Reached skill level 1 in Hexes
   926 | D:2      | Reached skill level 1 in Charms
   926 | D:2      | Reached skill level 1 in Summonings
   926 | D:2      | Reached skill level 1 in Necromancy
   926 | D:2      | Reached skill level 1 in Translocations
   926 | D:2      | Reached skill level 1 in Transmutations
   926 | D:2      | Reached skill level 1 in Fire Magic
   926 | D:2      | Reached skill level 1 in Ice Magic
   926 | D:2      | Reached skill level 1 in Air Magic
   926 | D:2      | Reached skill level 1 in Earth Magic
   926 | D:2      | Reached skill level 1 in Poison Magic
  1078 | D:2      | Noticed Robin
  1230 | D:2      | Killed Robin
  1230 | D:2      | Reached XP level 5. HP: 33/51 MP: 6/6
  1341 | D:2      | Noticed Natasha
  1349 | D:2      | Killed Natasha
  1577 | D:2      | Found a sacrificial altar of Ru.
  1677 | D:2      | Found an ancient bone altar of Kikubaaqudgha.
  2545 | D:3      | Noticed Jessica
  2554 | D:3      | Killed Jessica
  2554 | D:3      | Reached XP level 6. HP: 41/57 MP: 8/8
  3439 | D:4      | Reached skill level 5 in Staves
  3439 | D:4      | Reached skill level 5 in Dodging
  3918 | D:4      | Reached XP level 7. HP: 63/63 MP: 10/10
  4337 | D:5      | Entered Level 5 of the Dungeon
  4405 | D:5      | Found a white marble altar of Elyvilon.
  4852 | D:5      | Found Epu Wear's Weapon Shop.
  5041 | D:5      | You fall through a shaft for 3 floors!
  5041 | D:8      | Noticed Prince Ribbit
  5041 | D:8      | Noticed a two-headed ogre
  5159 | D:8      | Noticed a hippogriff
  5183 | D:7      | Reached skill level 9 in Fighting
  5196 | D:7      | Found a staircase to the Ecumenical Temple.
  5200 | Temple   | Entered the Ecumenical Temple
  5375 | Temple   | Became a worshipper of Ashenzari the Shackled
  5517 | D:7      | Reached XP level 8. HP: 49/71 MP: 8/12
  6658 | D:6      | Noticed Blork the orc
  6677 | D:6      | Killed Blork the orc
  6855 | D:6      | Found a snail-covered altar of Cheibriados.
  6857 | D:6      | Found a blossoming altar of Fedhas.
  6857 | D:6      | Found a hazy altar of Hepliaklqana.
  6857 | D:6      | Found an ornate altar of the Wu Jian Council.
  6859 | D:6      | Found a glowing silver altar of Zin.
  6860 | D:6      | Found a shimmering altar of Xom.
  6861 | D:6      | Found an iron altar of Okawaru.
  7248 | D:6      | Learned a level 2 spell: Passwall
  7391 | D:6      | Reached XP level 9. HP: 69/76 MP: 14/14
  7635 | D:6      | Found a runed door.
  7659 | D:6      | Found a runed door.
  8740 | D:7      | Found a staircase to the Ecumenical Temple.
 10062 | D:8      | Reached skill level 5 in Throwing
 10205 | D:8      | Reached skill level 5 in Stealth
 10776 | D:8      | Killed a two-headed ogre
 10776 | D:8      | Reached skill level 5 in Invocations
 10776 | D:8      | Reached XP level 10. HP: 82/85 MP: 15/17
 10787 | D:8      | Killed Prince Ribbit
 11776 | D:9      | Reached skill level 5 in Short Blades
 11776 | D:9      | Reached skill level 5 in Long Blades
 11776 | D:9      | Reached skill level 5 in Axes
 11776 | D:9      | Reached skill level 5 in Maces & Flails
 11776 | D:9      | Reached skill level 5 in Polearms
 11776 | D:9      | Reached skill level 5 in Slings
 11776 | D:9      | Reached skill level 5 in Bows
 11776 | D:9      | Reached skill level 5 in Crossbows
 11776 | D:9      | Reached skill level 5 in Armour
 11776 | D:9      | Reached skill level 5 in Shields
 11776 | D:9      | Reached skill level 5 in Unarmed Combat
 11776 | D:9      | Reached skill level 5 in Spellcasting
 11776 | D:9      | Reached skill level 5 in Evocations
 11792 | D:9      | Reached * piety under Ashenzari
 12385 | D:9      | Reached skill level 10 in Fighting
 12506 | D:9      | Found a staircase to the Lair.
 12786 | D:9      | Found a burning altar of Makhleb.
 12948 | D:10     | Entered Level 10 of the Dungeon
 13388 | D:9      | Found a burning altar of Makhleb.
 14226 | D:9      | Found a staircase to the Lair.
 14902 | D:9      | HP: 4/85 [polar bear (4)]
 14907 | D:9      | Reached XP level 11. HP: 6/91 MP: 1/19
 15292 | D:10     | Noticed a two-headed ogre
 16062 | D:10     | Paralysed by a hornet for 2 turns
 16069 | D:10     | Paralysed by a hornet for 1 turns
 16291 | D:11     | Found a staircase to the Orcish Mines.
 16540 | D:11     | Reached skill level 5 in Conjurations
 16540 | D:11     | Reached skill level 5 in Hexes
 16540 | D:11     | Reached skill level 5 in Charms
 16540 | D:11     | Reached skill level 5 in Summonings
 16540 | D:11     | Reached skill level 5 in Necromancy
 16540 | D:11     | Reached skill level 5 in Translocations
 16540 | D:11     | Reached skill level 5 in Transmutations
 16540 | D:11     | Reached skill level 5 in Fire Magic
 16540 | D:11     | Reached skill level 5 in Ice Magic
 16540 | D:11     | Reached skill level 5 in Air Magic
 16540 | D:11     | Reached skill level 5 in Earth Magic
 16540 | D:11     | Reached skill level 5 in Poison Magic
 16811 | D:11     | Noticed Urug
 16830 | D:11     | Killed Urug
 16954 | D:11     | Slain by an ice devil

Skill      XL: |  1  2  3  4  5  6  7  8  9 10 11 |
---------------+----------------------------------+-----
Invocations    | 1 2 3 4 5 6 |  6.7
Short Blades   | 1 2 3 4 5 6 |  6.1
Long Blades    | 1 2 3 4 5 6 |  6.1
Axes           | 1 2 3 4 5 6 |  6.1
Maces & Flails | 1 2 3 4 5 6 |  6.1
Polearms       | 1 2 3 4 5 6 |  6.1
Slings         | 1 2 3 4 5 6 |  6.1
Bows           | 1 2 3 4 5 6 |  6.1
Crossbows      | 1 2 3 4 5 6 |  6.1
Armour         | 1 2 3 4 5 6 |  6.1
Shields        | 1 2 3 4 5 6 |  6.1
Unarmed Combat | 1 2 3 4 5 6 |  6.1
Spellcasting   | 1 2 3 4 5 6 |  6.1
Evocations     | 1 2 3 4 5 6 |  6.1
Conjurations   | 1 2 3 4 5 |  5.1
Hexes          | 1 2 3 4 5 |  5.1
Charms         | 1 2 3 4 5 |  5.1
Summonings     | 1 2 3 4 5 |  5.1
Necromancy     | 1 2 3 4 5 |  5.1
Translocations | 1 2 3 4 5 |  5.1
Transmutations | 1 2 3 4 5 |  5.1
Fire Magic     | 1 2 3 4 5 |  5.1
Ice Magic      | 1 2 3 4 5 |  5.1
Air Magic      | 1 2 3 4 5 |  5.1
Earth Magic    | 1 2 3 4 5 |  5.1
Poison Magic   | 1 2 3 4 5 |  5.1
Throwing       | 3 4 5 6 |  6.7
Stealth        | 3 4 5 6 |  6.6
Staves         | 5 6 7 |  7.7
Dodging        | 5 6 7 |  7.7
Fighting       | 9 10 | 10.4

Action                   |  1- 3 |  4- 6 |  7- 9 | 10-12 || total
-------------------------+-------+-------+-------+-------++-------
Melee: Quarterstaff      |    62 |   143 |       |       ||   205
       Bite              |     2 |    26 |    81 |   114 ||   223
       Long sword        |       |    43 |   477 |   676 ||  1196
       Punch             |       |       |    12 |    18 ||    30
Throw: Tomahawk          |       |       |     7 |     1 ||     8
       Throwing net      |       |       |       |     1 ||     1
Invok: Curse Item        |       |       |     1 |     3 ||     4
       Scrying           |       |       |       |     1 ||     1
Evoke: Wand              |       |       |     5 |     3 ||     8
  Use: Scroll            |       |     4 |     6 |     3 ||    13
       Potion            |       |       |     2 |     8 ||    10
 Stab: Sleeping          |     1 |     6 |     2 |       ||     9
       Paralysed         |       |       |     7 |    12 ||    19
  Eat: Chunk             |       |     9 |    14 |     9 ||    32
       Ration            |       |       |     3 |     4 ||     7
Armor: Robe              |     8 |    10 |       |       ||    18
       Scale mail        |       |    32 |   243 |    44 ||   319
       Plate armour      |       |       |       |   570 ||   570
Dodge: Dodged            |    42 |    97 |   342 |   435 ||   916
       Rpst.: Long sword |       |    12 |    99 |    96 ||   207
